 Dungeon Crawl Stone Soup version 0.14.1 (webtiles) character file.

141 Kae the Insei (level 4, -6/35 HPs)
             Began as a Draconian Transmuter on May 1, 2014.
             Mangled by Grinder (7 damage)
             ... while paralysed by Grinder
             ... on Level 3 of the Dungeon.
             The game lasted 00:05:28 (3591 turns).

Kae the Insei (Draconian Transmuter)                Turns: 3591, Time: 00:05:28

HP  -6/35        AC  8     Str 12      XL: 4   Next: 16%
MP  16/16        EV  2     Int 13      God:
Gold 62          SH  0     Dex 13      Spells:  3 memorised,  1 level left

rFire  . . .     SeeInvis .     i - +2,+1 mace (holy)
rCold  . . .     Clarity  .     (armour unavailable)
rNeg   . . .     Conserve +     (no shield)
rPois  .         rCorr    .     (helmet restricted)
rElec  .         rRot     .     (no cloak)
SustAb . .       Spirit   .     (no gloves)
rMut   .         Warding  .     (no boots)
Saprov . . .     Stasis   .     y - amulet of conservation
MR     .....                    f - +3 ring of protection
                                B - ring of magical power

@: paralysed, very slightly contaminated, not resistant to hostile enchantments,
unstealthy
A: unfitting armour, AC +5
a: no special abilities


You were on level 3 of the Dungeon.
You were very hungry.

You visited 1 branch of the dungeon, and saw 3 of its levels.

You collected 62 gold pieces.

Inventory:

Hand weapons
 a - a +0,+1 short sword
 i - a +2,+1 mace of holy wrath (weapon)
Missiles
 b - 32 arrows
 e - 4 darts (quivered)
 g - 4 darts of frost
Comestibles
 m - an orange
 n - a bread ration
 o - an apple
 r - a choko
 v - a meat ration
 C - an apricot
Scrolls
 c - a scroll of remove curse
 h - a scroll of fear
 k - a scroll of teleportation
 s - a scroll of amnesia
 D - 2 scrolls of immolation
Jewellery
 f - a +3 ring of protection (right hand)
 t - an uncursed ring of positive energy
 y - an amulet of conservation (around neck)
 B - a ring of magical power (left hand)
Potions
 q - a potion of mutation
 u - a potion of invisibility
 w - a potion of haste {unknown}
 z - a potion of lignification {unknown}
Books
 d - a book of Changes

   Spells                             Type                      Level
   *Beastly Appendage                 Transmutation                1
   *Sticks to Snakes                  Transmutation                2
   *Spider Form                       Transmutation/Poison         3
   Ice Form                           Ice/Transmutation            4
   Blade Hands                        Transmutation                5


   Skills:
 - Level 1.1 Fighting
 - Level 1.7 Dodging
 * Level 4.4 Unarmed Combat
 - Level 2.0 Spellcasting
 + Level 3.0 Transmutations


You had one spell level left.
You knew the following spells:

 Your Spells              Type           Power        Failure   Level  Hunger
a - Beastly Appendage     Trmt           #.....       10%         1    ##.....
b - Sticks to Snakes      Trmt           #.........   12%         2    ###....
c - Spider Form           Trmt/Pois      #.........   38%         3    ####...


Dungeon Overview and Level Annotations

Branches:
Dungeon (3/15)

Altars:
Vehumet
Zin

Annotations:
D:3 Grinder; timbw's ghost, weakling OpFE


Message History

Grinder hits you.
* * * LOW HITPOINT WARNING * * *
Unknown command.
Drink which item? (? for menu, Esc to quit)
You feel better. Grinder barely misses you.
You miss Grinder.
Grinder is heavily wounded.
Grinder gestures at you. You resist with significant effort.
Grinder gestures at you.
You suddenly lose the ability to move!
Grinder hits you but does no damage.
You flicker back into view.
Grinder hits you. Grinder hits you!
* * * LOW HITPOINT WARNING * * *
You writhe in agony.
* * * LOW HITPOINT WARNING * * *
Grinder hits you!
You die...

##.# **.....**
*,,****,* ##..##
*...** *,,,,,,,*
.....# *#'#*### *,*
***** .#.#.#
##.###.## *,*
.#.#.# #.......#
*,*
.#.#.######..###.##
*,*
.#............##.#
*,*
.###.#####.....#.#
*,* .....#
##...##@#****,*
######
##.###.5.....# ###
#########


You could see Grinder.

Vanquished Creatures
  An adder (D:2)
  A giant mite (D:2)
  2 worms (D:2)
  2 giant geckos (D:1)
  An orc (D:3)
  5 bats
  2 giant cockroaches (D:2)
  7 hobgoblins
  12 kobolds
  A giant newt (D:1)
  7 goblins
  10 rats
51 creatures vanquished.

Notes
Turn   | Place    | Note
--------------------------------------------------------------
     0 | D:1      | Kae, the Draconian Transmuter, began the quest for the Orb.
     0 | D:1      | Reached XP level 1. HP: 16/16 MP: 3/3
   329 | D:1      | Reached XP level 2. HP: 12/23 MP: 4/4
  1652 | D:2      | Reached XP level 3. HP: 10/28 MP: 4/6
  2064 | D:2      | Reached skill level 4 in Unarmed Combat
  2245 | D:2      | Learned a level 2 spell: Sticks to Snakes
  2249 | D:2      | Learned a level 3 spell: Spider Form
  2454 | D:2      | Found a glowing silver altar of Zin.
  2741 | D:2      | Reached XP level 4. HP: 30/35 MP: 7/7
  2748 | D:3      | Noticed Grinder
  2754 | D:3      | Found a radiant altar of Vehumet.
  3057 | D:3      | Noticed timbw's ghost (weakling OpFE)
  3577 | D:3      | Paralysed by Grinder for 2 turns
  3587 | D:3      | Paralysed by Grinder for 7 turns
  3590 | D:3      | HP: 1/35 [Grinder (6)]
  3591 | D:3      | Mangled by Grinder

Action                   |  1- 3 |  4- 6 || total
-------------------------+-------+-------++-------
Melee: Unarmed           |    65 |       ||    65
       Short sword       |   116 |    28 ||   144
       Mace              |       |    34 ||    34
 Cast: Beastly Appendage |    12 |       ||    12
  Use: Potion            |     1 |     2 ||     3
       Scroll            |       |    15 ||    15
 Stab: Sleeping          |     2 |       ||     2
